Map: Dusty Gorge

Players

ViperHyper

  • Race: Zerg Zerg
  • Spawn Location: 9:00

llllllllllll

  • Race: Terran Terran
  • Spawn Location: 11:00

PureLegacy - Winner!

  • Race: Terran Terran
  • Spawn Location: 3:00

ADOIFHlTLER - Winner!

  • Race: Terran Terran
  • League: Master
  • Spawn Location: 5:00

VOD

Have the link to the VOD?

Description

Time

  • Played on: Nov. 22, 2018, 10:11 a.m.
  • Length: 13:17
Show
View Real Time Build Order
Export as new Build Order

ViperHyper Zerg 

Build Orders: Hatch First 

Get SALT Encoding   

  12  0:01  Drone  
  13  0:12  Overlord  
  13  0:18  Drone  
  14  0:31  Drone x2  
  17  0:35  Drone  
  17  0:55  Hatchery  
  16  0:57  Drone  
  16  1:01  Drone  
  18  1:11  Extractor  
  18  1:15  Spawning Pool  
  17  1:20  Drone  
  17  1:21  Drone  
  19  1:32  Drone  
  20  1:39  Overlord  
  20  1:56  Drone  
  21  2:05  Drone, Queen  
  21  2:07  Queen  
  21  2:08  Drone  
  27  2:13  Drone  
  28  2:21  Hatchery  
  27  2:25  Drone  
  27  2:26  Drone  
  28  2:35  Drone x2  
  30  2:40  Queen  
  32  2:48  Queen  
  34  2:51  Drone  
  34  2:54  Drone  
  36  2:59  Overlord  
  36  3:14  Overlord  
  36  3:18  Drone x3  
  36  3:19  Drone x3  
  42  3:22  Queen  
  44  3:32  Queen  
  44  3:33  Overlord  
  46  3:34  Drone  
  46  3:39  Drone x3  
  50  3:42  Extractor x2  
  50  3:47  Overlord  
  48  3:48  Drone x2  
  48  3:51  Drone x2  
  48  3:53  Drone  
  53  3:58  Drone x3  
  53  4:00  Drone  
  57  4:06  Drone x3  
  57  4:08  Drone  
  63  4:18  Queen  
  63  4:22  Overlord  
  65  4:24  Drone  
  66  4:34  Lair  
  66  4:35  Drone  
  66  4:36  Drone  
  66  4:37  Overlord  
  66  4:39  Extractor  
  66  4:40  Queen  
  66  4:43  Extractor  
  66  4:50  Roach Warren  
  65  4:55  Hatchery  
  65  4:57  Drone, Overlord  
  65  4:58  Drone x3  
  68  5:03  Drone  
  68  5:05  Overlord  
  68  5:06  Overlord  
  69  5:09  Zergling x10  
  74  5:14  Queen  
  74  5:36  Metabolic Boost  
  74  5:38  Glial Reconstitution  
  74  5:42  Drone  
  71  5:43  Hydralisk Den  
  71  5:45  Zergling x2  
  71  5:46  Zergling x10  
  76  5:57  Drone x3  
  76  6:02  Drone  
  80  6:06  Drone x2  
  80  6:13  Hatchery  
  80  6:14  Drone  
  80  6:17  Drone x2  
  82  6:20  Drone x3  
  82  6:21  Hydralisk Den  
  82  6:24  Roach x4  
  88  6:26  Roach  
  88  6:30  Roach  
  92  6:34  Roach  
  92  6:37  Roach  
  95  6:41  Roach  
  97  6:50  Extractor  
  97  6:51  Hatchery  
  97  6:52  Extractor  
  94  6:54  Grooved Spines, Evolution Chamber x2  
  94  6:55  Roach x3  
  94  6:58  Overlord  
  94  6:59  Overlord  
  98  7:02  Pneumatized Carapace  
  98  7:11  Overlord  
  98  7:12  Overlord  
  98  7:15  Overlord  
  98  7:16  Overlord  
  98  7:24  Infestation Pit  
  98  7:28  Roach x4  
  103  7:30  Overlord x2  
  103  7:37  Ravager x5  
  103  7:38  Ravager x3  
  103  7:39  Overlord  
  103  7:40  Drone  
  103  7:41  Drone x2  
  103  7:43  Drone  
  115  7:44  Drone  
  115  7:45  Drone  
  115  7:49  Drone x2  
  115  7:51  Drone  
  120  7:53  Drone  
  121  7:59  Zerg Missile Weapons Level 1, Zerg Ground Armor Level 1  
  121  8:04  Drone x3  
  123  8:05  Muscular Augments  
  123  8:06  Drone x2  
  125  8:14  Overlord  
  125  8:15  Drone  
  125  8:16  Drone x3  
  125  8:18  Drone x2  
  131  8:23  Drone x2  
  131  8:26  Overlord x2  
  133  8:29  Drone x2  
  133  8:31  Drone  
  133  8:32  Drone, Extractor  
  134  8:34  Extractor  
  130  8:44  Roach  
  130  8:45  Roach x5  
  139  8:59  Roach x4  
  139  9:00  Roach x3  
  153  9:09  Hive  
  153  9:13  Overlord  
  153  9:15  Roach  
  153  9:16  Roach x6  
  167  9:21  Roach  
  167  9:22  Roach x3  
  175  9:33  Overlord  
  175  9:40  Hydralisk  
  175  9:41  Hydralisk x7  
  191  9:49  Nydus Network  
  191  9:51  Nydus Network  
  191  9:52  Ravager x2  
  191  10:02  Roach x5  
  129  10:38  Hydralisk  
  129  10:39  Hydralisk x8  
  129  10:40  Hydralisk  
  129  10:41  Hydralisk x5  
  148  11:04  Nydus Canal  
  148  11:05  Nydus Canal  
  148  11:09  Zergling x2  
  148  11:10  Zergling x44  
  148  11:11  Zergling x14  
  176  11:26  Overlord  
  176  11:27  Overlord x2  
  133  11:45  Roach  
  133  11:46  Roach x14  
  146  12:02  Roach  
  146  12:03  Roach x3  
  149  12:11  Roach  
  149  12:12  Roach x3  
  151  12:20  Roach  
  151  12:21  Roach x6  
  151  12:22  Hatchery  
  156  12:26  Hatchery  
  104  12:47  Roach x5  
  90  12:55  Roach x5  
Show
View Real Time Build Order
Export as new Build Order

llllllllllll Terran 

Build Orders:  

Get SALT Encoding   

  12  0:01  SCV  
  13  0:13  SCV  
  14  0:19  Supply Depot  
  14  0:25  SCV  
  15  0:40  SCV  
  15  0:42  Barracks  
  16  0:46  Refinery  
  16  0:52  SCV  
  17  1:04  SCV  
  17  1:06  Barracks  
  18  1:18  SCV  
  19  1:28  Barracks Tech Lab  
  19  1:30  Orbital Command  
  19  1:38  Supply Depot  
  19  1:49  Marauder  
  19  1:50  Concussive Shells  
  21  1:57  SCV  
  21  2:00  Barracks Tech Lab  
  22  2:12  Marauder, SCV  
  25  2:33  SCV  
  25  2:35  Command Center  
  26  2:45  Barracks, SCV  
  27  2:55  Marine x2, Stimpack  
  27  2:57  SCV  
  30  3:00  Refinery  
  30  3:09  SCV  
  30  3:10  Supply Depot  
  31  3:31  Barracks Reactor  
  31  3:32  Marine x2, SCV  
  31  3:33  Factory  
  34  3:44  SCV  
  34  3:48  Orbital Command  
  35  3:50  Marine  
  36  3:56  SCV  
  36  3:58  Marine  
  36  3:59  Combat Shield  
  38  4:06  Supply Depot  
  38  4:08  Marine x3, SCV  
  42  4:15  Marine  
  43  4:18  Starport  
  43  4:19  Factory Reactor  
  43  4:20  SCV  
  44  4:24  SCV  
  44  4:26  Marine  
  44  4:28  Marine  
  47  4:33  SCV  
  47  4:35  Marine x2  
  47  4:37  SCV  
  51  4:48  Marine  
  51  4:50  SCV  
  51  4:51  SCV  
  51  4:52  Command Center  
  54  5:00  Marine  
  54  5:01  Marine  
  54  5:02  Marine  
  54  5:03  Medivac  
  54  5:04  Medivac  
  54  5:05  Factory Tech Lab  
  61  5:07  SCV  
  62  5:17  Supply Depot  
  62  5:20  Supply Depot x2  
  62  5:38  Marine x4, SCV, Siege Tank  
  62  5:41  SCV  
  62  5:42  Supply Depot  
  67  5:58  Marine x3  
  67  6:00  SCV  
  67  6:03  Engineering Bay  
  71  6:05  Engineering Bay  
  71  6:06  Marine  
  72  6:13  Siege Tank  
  72  6:15  Marine  
  76  6:21  SCV  
  76  6:24  Marine, SCV  
  76  6:25  Marine  
  78  6:29  Marine  
  77  6:33  Terran Infantry Armor Level 1, Terran Infantry Weapons Level 1, Marine  
  77  6:38  Orbital Command  
  78  6:42  Marine x2  
  78  6:44  SCV  
  81  6:47  Refinery, Marine  
  81  6:48  SCV  
  81  6:49  Refinery  
  81  6:51  Marine  
  84  6:58  SCV  
  85  7:02  Armory  
  85  7:07  SCV  
  86  7:12  Barracks x2  
  86  7:14  Marine x3  
  86  7:15  Siege Tank, Orbital Command  
  89  7:21  SCV  
  93  7:23  SCV  
  93  7:24  Barracks Reactor  
  94  7:31  Factory  
  94  7:32  Marine x2  
  94  7:33  SCV  
  97  7:47  Marine  
  97  7:49  Marine x2  
  99  7:57  SCV  
  99  8:04  Marine  
  91  8:07  Marine x2  
  91  8:08  Marine x2, Siege Tank  
  91  8:09  SCV  
  90  8:15  SCV  
  90  8:16  Barracks Reactor x2  
  91  8:20  Supply Depot  
  91  8:21  SCV  
  91  8:22  Supply Depot, Marine  
  91  8:25  Marine x2  
  91  8:26  Marine x2  
  97  8:28  Siege Tank  
  97  8:30  SCV  
  101  8:35  SCV  
  101  8:40  Marine, Siege Tank  
  106  8:42  Command Center  
  106  8:43  Marine x2  
  106  8:44  Medivac x2, Marine x2  
  114  8:48  SCV  
  115  8:56  Marine x3  
  115  8:58  Marine x2  
  115  9:01  Marine x2  
  115  9:02  Marine x2  
  124  9:14  SCV  
  125  9:22  Marine x5, Siege Tank  
  125  9:24  Supply Depot x2  
  133  9:25  Supply Depot  
  133  9:39  Terran Infantry Weapons Level 2, Terran Infantry Armor Level 2  
  133  9:45  Marine x2, Siege Tank  
  138  9:46  Marine x3  
  138  9:47  Marine x2  
  138  9:48  SCV  
  138  9:50  Supply Depot  
  138  9:51  Supply Depot  
  138  9:52  SCV  
  145  9:53  Barracks, Marine  
  145  9:54  Refinery, Barracks  
  145  9:55  Refinery  
  145  10:00  Barracks  
  133  10:07  Marine x4  
  133  10:09  Orbital Command  
  131  10:15  Marine x5  
  130  10:25  Medivac, Marine x4, Siege Tank x2  
  130  10:26  Medivac, SCV  
  131  10:33  Marine x5, SCV  
  137  10:36  SCV  
  137  10:42  SCV  
  139  10:43  Marine x4  
  139  10:48  SCV  
  144  10:50  Marine  
  144  10:51  Marine x2  
  144  10:52  Barracks Reactor x3  
  144  10:55  Medivac, Marine  
  144  10:56  Marine  
  144  10:57  SCV  
  152  11:00  Marine  
  152  11:01  Medivac  
  155  11:07  Marine x2  
  155  11:09  Marine x4  
  156  11:13  Marine x2  
  158  11:18  Marine  
  158  11:25  Marine x2  
  160  11:27  Marine x4  
  160  11:30  Marine  
  158  11:36  Marine x6  
  155  11:41  Medivac x2  
  155  11:42  Siege Tank  
  155  11:43  Marine  
  122  12:09  Marine x4  
  122  12:10  Marine x3  
  122  12:11  Marine x5  
  122  12:12  Medivac x2, Siege Tank  
  122  12:14  Siege Tank  
  137  12:22  Marine x2  
  129  12:23  Marine  
  129  12:27  Marine x4  
  129  12:28  Marine x5  
  129  12:29  Marine x2  
  122  12:34  Marine  
  123  12:40  Marine x3  
  126  12:44  Siege Tank  
  126  12:45  Marine x4  
  126  12:46  Marine x6  
  126  12:47  Marine  
  137  12:52  Marine  
  137  12:58  Marine x3  
Show
View Real Time Build Order
Export as new Build Order

PureLegacy Terran - Winner!

Build Orders: Reaper Expand 

Get SALT Encoding   

  12  0:01  SCV  
  13  0:13  SCV  
  14  0:18  Supply Depot  
  14  0:25  SCV  
  15  0:40  Barracks, SCV  
  16  0:45  Refinery  
  16  0:52  SCV  
  17  1:04  SCV  
  18  1:16  SCV  
  19  1:28  Reaper, Orbital Command  
  20  1:48  Command Center  
  20  1:54  SCV  
  20  2:00  Barracks Reactor  
  21  2:02  Supply Depot  
  21  2:07  SCV  
  22  2:12  Barracks  
  22  2:24  Barracks  
  22  2:25  SCV  
  23  2:37  Marine x2, SCV  
  26  2:45  Bunker  
  26  2:49  SCV  
  27  2:51  Supply Depot  
  27  2:55  Marine x2  
  29  3:00  Barracks Tech Lab  
  28  3:06  Orbital Command  
  28  3:11  SCV  
  28  3:12  Marine  
  30  3:13  Marine x2  
  30  3:19  Refinery  
  32  3:21  Stimpack  
  32  3:23  SCV  
  32  3:24  Marine  
  34  3:29  Marine  
  34  3:30  Marine  
  34  3:31  Marine  
  34  3:34  SCV  
  38  3:35  SCV  
  39  3:44  Supply Depot, Marine  
  39  3:47  SCV  
  41  3:52  SCV  
  41  3:54  Factory, Marine  
  41  3:55  Marine x2  
  45  3:59  SCV  
  46  4:04  SCV  
  46  4:07  Supply Depot  
  47  4:12  SCV  
  47  4:16  SCV  
  49  4:22  Command Center  
  49  4:24  SCV  
  50  4:25  Barracks Reactor  
  50  4:30  SCV  
  51  4:35  Marine  
  51  4:36  Marine x2  
  51  4:37  SCV  
  55  4:40  Factory Reactor, Starport  
  55  4:43  SCV  
  55  4:49  SCV  
  56  4:56  SCV  
  56  4:57  Barracks x2  
  57  5:01  SCV  
  57  5:02  Marine x4  
  62  5:08  Refinery x2  
  62  5:11  SCV  
  62  5:13  Supply Depot  
  63  5:14  SCV  
  64  5:25  SCV  
  64  5:26  Engineering Bay  
  64  5:27  SCV  
  66  5:28  Engineering Bay  
  66  5:32  Medivac  
  66  5:33  Medivac  
  70  5:37  Factory Tech Lab  
  70  5:39  SCV x2  
  72  5:43  Combat Shield  
  72  5:44  Barracks Reactor  
  72  5:45  Barracks Reactor  
  72  5:47  Supply Depot  
  72  5:52  SCV  
  77  6:04  Marine x3  
  77  6:05  Marine x2  
  77  6:08  Orbital Command  
  77  6:09  SCV x2  
  80  6:12  Terran Infantry Armor Level 1, Terran Infantry Weapons Level 1  
  80  6:18  Supply Depot  
  80  6:21  Marine x4, SCV  
  80  6:23  Siege Tank  
  88  6:28  Factory, SCV  
  88  6:31  Refinery  
  88  6:32  Refinery  
  89  6:35  Supply Depot  
  89  6:39  SCV x2  
  91  6:40  Marine x2  
  91  6:45  SCV  
  92  6:48  Armory  
  92  6:51  SCV x2  
  92  6:52  Marine x2  
  92  6:53  Marine x3  
  99  6:57  SCV  
  99  7:00  Supply Depot  
  100  7:03  SCV  
  100  7:06  Medivac x2  
  105  7:10  Siege Tank  
  105  7:11  SCV x2  
  105  7:13  Factory Tech Lab  
  105  7:14  Supply Depot  
  111  7:15  SCV  
  111  7:21  Marine x5  
  116  7:23  SCV  
  116  7:28  SCV  
  116  7:29  SCV  
  119  7:33  Siege Tank  
  119  7:36  Supply Depot  
  122  7:37  Sensor Tower  
  122  7:38  Supply Depot  
  113  7:45  SCV x3  
  108  7:55  Marine x2  
  108  7:56  Marine x3  
  108  7:57  SCV x3  
  117  8:05  Siege Tank x2  
  117  8:09  SCV x2  
  117  8:10  SCV  
  122  8:15  Supply Depot  
  122  8:17  Terran Infantry Weapons Level 2  
  122  8:18  Terran Infantry Armor Level 2  
  122  8:21  SCV x2  
  122  8:22  SCV  
  125  8:27  Terran Vehicle Weapons Level 1  
  125  8:33  SCV  
  125  8:34  SCV x2  
  128  8:37  Siege Tank  
  131  8:45  SCV  
  131  8:47  Siege Tank  
  134  8:54  SCV x2  
  136  8:59  Supply Depot, Marine x3  
  136  9:00  Marine  
  140  9:03  Marine  
  140  9:04  Marine x2  
  140  9:07  SCV x2  
  145  9:15  SCV  
  146  9:19  SCV x2  
  148  9:26  Supply Depot x2, Command Center  
  148  9:27  Marine x5  
  148  9:30  Siege Tank x2  
  159  9:38  Marine x4  
  160  9:42  Barracks  
  160  9:43  Medivac, Supply Depot x2, Barracks  
  165  9:47  Medivac, Marine x2  
  165  9:52  Marine x3  
  172  9:56  Marine x3  
  172  9:59  Marine  
  175  10:03  Supply Depot x3  
  175  10:05  Marine x2  
  154  10:15  Marine x4  
  144  10:23  SCV x3  
  135  10:32  Marine x4  
  135  10:33  Marine  
  135  10:35  SCV x3  
  142  10:42  Planetary Fortress  
  142  10:44  Siege Tank  
  142  10:45  Siege Tank  
  142  10:49  Marine x4  
  152  11:03  SCV x3  
  155  11:10  Marine x2  
  155  11:11  Marine x6  
  159  11:15  SCV x3  
  160  11:36  Marine x3  
  160  11:39  SCV  
  164  11:40  Marine x2  
  169  11:47  Siege Tank x2  
  169  11:53  Command Center  
  172  11:54  SCV  
  172  11:59  Barracks Reactor  
  173  12:05  SCV x3  
  173  12:06  Marine x3  
  179  12:08  Barracks Reactor  
  179  12:14  Marine x2  
  175  12:20  Marine x2  
  175  12:21  Marine x2  
  174  12:29  Siege Tank  
  172  12:30  Medivac, Siege Tank  
  172  12:31  Medivac  
  172  12:34  Marine x3  
  166  12:41  Marine x2  
  166  12:44  Marine x5  
  157  12:53  Marine x3  
  157  12:54  Marine x2  
  175  13:09  Sensor Tower  
Show
View Real Time Build Order
Export as new Build Order

ADOIFHlTLER Terran - Winner!

Build Orders: Mech 

Get SALT Encoding   

  12  0:02  SCV  
  14  0:14  SCV  
  14  0:19  Supply Depot  
  14  0:26  SCV  
  15  0:41  SCV  
  16  0:42  Barracks  
  16  0:47  Refinery  
  16  0:53  SCV  
  17  1:05  SCV  
  18  1:17  SCV  
  19  1:30  Marine, Orbital Command  
  20  1:44  Command Center  
  20  1:55  Factory  
  20  1:59  SCV  
  21  2:07  Barracks Reactor  
  21  2:09  Supply Depot  
  21  2:13  SCV  
  22  2:19  Refinery  
  22  2:25  SCV  
  23  2:37  SCV  
  23  2:39  Factory Tech Lab  
  23  2:42  Marine  
  23  2:43  Marine  
  26  2:46  Bunker  
  26  2:49  SCV  
  27  2:58  Siege Tank  
  30  3:00  Orbital Command  
  30  3:02  Marine  
  30  3:04  Marine  
  32  3:08  SCV  
  33  3:17  Starport  
  33  3:20  Marine  
  33  3:22  Marine  
  33  3:23  SCV  
  33  3:26  SCV  
  37  3:34  Siege Tank  
  37  3:35  SCV  
  37  3:39  Supply Depot  
  37  3:41  Marine  
  42  3:46  Marine, SCV  
  42  3:48  SCV  
  45  3:58  SCV  
  45  4:00  Supply Depot, SCV  
  47  4:10  SCV  
  47  4:11  Medivac x2  
  47  4:13  SCV  
  53  4:23  SCV, Command Center  
  54  4:27  SCV  
  54  4:29  Refinery  
  55  4:32  Refinery  
  55  4:36  SCV  
  55  4:37  Armory  
  56  4:40  SCV  
  57  4:49  SCV  
  57  4:52  Barracks Reactor, SCV  
  59  4:59  Supply Depot  
  59  5:01  SCV  
  59  5:02  Factory  
  59  5:04  SCV  
  61  5:13  SCV  
  62  5:16  Factory  
  62  5:20  Viking x2, SCV  
  67  5:25  SCV  
  68  5:28  Terran Vehicle Weapons Level 1  
  68  5:32  SCV  
  69  5:37  SCV, Orbital Command  
  69  5:38  Barracks Tech Lab  
  69  5:42  Siege Tank  
  73  5:45  SCV  
  73  5:49  SCV  
  73  5:57  SCV  
  73  5:58  Hellion x2  
  73  6:01  SCV  
  73  6:04  Refinery, Infernal Pre-Igniter  
  73  6:07  Refinery  
  73  6:09  SCV  
  74  6:13  SCV, Orbital Command  
  74  6:14  Hellion  
  74  6:15  Siege Tank  
  78  6:20  Hellion  
  78  6:21  SCV  
  79  6:25  SCV  
  79  6:28  Supply Depot  
  79  6:30  Supply Depot  
  79  6:33  SCV  
  79  6:35  Liberator  
  79  6:37  SCV  
  78  6:40  Factory x2, SCV  
  78  6:43  Hellion  
  78  6:45  SCV  
  78  6:46  Siege Tank  
  85  6:50  SCV  
  85  6:52  SCV  
  88  6:57  SCV  
  89  7:01  Siege Tank  
  89  7:02  Hellion, SCV  
  89  7:04  SCV  
  89  7:05  Hellion  
  89  7:07  Engineering Bay  
  98  7:08  Supply Depot  
  98  7:09  SCV  
  98  7:12  Liberator  
  98  7:14  SCV  
  100  7:16  SCV  
  100  7:21  Supply Depot  
  100  7:22  Supply Depot  
  101  7:24  Factory Reactor  
  101  7:25  Factory Tech Lab  
  101  7:30  Hellion, Siege Tank  
  101  7:31  Terran Vehicle Weapons Level 2, Supply Depot  
  101  7:32  Supply Depot  
  109  7:43  Hellion  
  111  7:45  Siege Tank  
  111  7:46  SCV, Siege Tank  
  118  7:51  Hellion  
  118  7:52  Viking  
  118  7:55  SCV  
  123  8:01  SCV  
  123  8:02  Hellion, SCV  
  123  8:05  Hellion  
  127  8:07  SCV  
  127  8:09  Hellion x2  
  70  8:12  Viking  
  130  8:13  Hellion  
  130  8:18  Hellion, Siege Tank  
  139  8:24  Supply Depot, Viking  
  139  8:25  Sensor Tower  
  141  8:41  Supply Depot  
  141  8:42  Supply Depot, Command Center  
  141  8:45  Siege Tank  
  141  8:46  Hellion x2  
  148  8:53  Hellion x2  
  149  8:59  Siege Tank  
  147  9:03  Siege Tank  
  147  9:04  Supply Depot x3  
  147  9:05  Viking  
  147  9:06  Supply Depot  
  152  9:18  Siege Tank  
  152  9:21  Hellion  
  152  9:22  Supply Depot  
  152  9:24  Starport x2  
  159  9:31  Hellion, Siege Tank  
  159  9:32  Missile Turret  
  159  9:36  Viking  
  162  9:43  Hellion, Siege Tank  
  165  9:49  Terran Vehicle Weapons Level 3  
  165  9:52  Liberator x2  
  167  9:53  Hellion  
  167  10:04  Hellion, Siege Tank  
  172  10:08  Hellion  
  174  10:14  Hellion x2  
  174  10:16  Liberator  
  174  10:20  Siege Tank  
  174  10:21  Hellion  
  173  10:23  SCV x2  
  173  10:24  SCV  
  174  10:28  Hellion  
  169  10:35  SCV, Siege Tank  
  169  10:36  Liberator, SCV  
  169  10:39  Planetary Fortress, Liberator  
  169  10:41  Hellion  
  169  10:42  Hellion  
  178  10:43  Hellion  
  178  10:45  Liberator, Smart Servos  
  178  10:48  Mag-Field Accelerator  
  184  10:59  Liberator  
  184  11:00  Sensor Tower  
  187  11:09  Hellion, Siege Tank  
  192  11:13  Orbital Command  
  192  11:14  Hellion  
  197  11:18  Liberator  
  197  11:19  Siege Tank  
  197  11:23  Hellion  
  200  11:27  Orbital Command  
  193  11:33  Orbital Command  
  193  11:35  Hellion, SCV, Siege Tank  
  193  11:36  SCV  
  193  11:39  Viking  
  176  11:41  Hellion  
  176  11:42  Liberator  
  176  11:45  Viking  
  181  11:54  Hellion x2  
  181  11:55  Hellion x2  
  181  11:58  Hellion  
  180  12:02  Hellion  
  180  12:07  Siege Tank  
  146  12:16  Hellion x2  
  146  12:17  Refinery x2, Hellion x2  
  146  12:20  Hellion  
  146  12:26  Hellion  
  148  12:38  Siege Tank x2  
  148  12:39  Siege Tank  
  148  12:40  Hellion  
  159  12:44  Command Center  
  159  12:48  Hellion  
  159  12:50  Hellion  
  159  12:51  Hellion  
  159  12:54  Supply Depot  
  157  13:06  Starport Tech Lab x2  
  157  13:09  Fusion Core  
Tags
 
Add a new tag
Caveats
  • Supply blocks, unpowered buildings, or Contaminate may cause inaccurate times.
  • Supply counts are checked every 10 seconds.